AoeStats
← 我不知道

Arabia

510307801Analyzed
1v1 RM · 18h ago on Sep 30, 2026· 22m 14s· 2 players
Game mode
Random Map
Map size
Tiny (2 player)
Population
200
Speed
Normal
Resources
Standard
Victory
Conquest
Starting age
Dark Age
Ending age
Imperial Age
RankedLock teamsTeams togetherTeam positionsShared explorationLock speedFull tech treeHidden civsTurbo modeCheats
Victory
Defeat
🇷🇺 Ethiopians · Russia
1018
+14
🇦🇷 Mongols · Argentina
969
-14
Cazador de utopias
7:45 Loom
10:13 Feudal Age
16:30 Castle Age
我不知道
6:39 Loom
9:04 Feudal Age
9:42 Double-Bit Axe
20:34 Castle Age
18:57 Fletching
19:08 Padded Archer Armor
20:49 Crossbowman
Connection lost

Rejoining the realm…

Still unreachable

The connection could not be restored.

Session expired

The server has moved on; the page needs a fresh start.